 Dungeon Crawl Stone Soup version 0.28-b1-1-g3c77fb2ed1 (webtiles) character file.

Game seed: 4113112084868419824

293122 KamiKatze the Executioner (level 20, -2/283 HPs)
             Began as a Minotaur Berserker on Jan 26, 2022.
             Was the Champion of Trog.
             Slain by an orc warlord (27 damage)
             ... on level 3 of the Vaults on Jan 27, 2022.
             The game lasted 03:40:33 (44111 turns).

KamiKatze the Executioner (Minotaur Berserker)     Turns: 44111, Time: 03:40:34

Health: -2/283     AC: 25    Str: 32    XL:     20   Next: 0%
Magic:  19/19      EV: 16    Int:  7    God:    Trog [******]
Gold:   2876       SH:  0    Dex: 12    Spells: 19/19 levels left

rFire   + . .      SeeInvis +   a - +8 battleaxe "With Two Names" {vorpal, rElec rPois rN+}
rCold   . . .      Faith    .   (shield currently unavailable)
rNeg    + . .      Spirit   .   u - +7 chain mail "Guepliaw" {+Blink Regen+ Int+3}
rPois   +          Reflect  .   (helmet restricted)
rElec   +          Harm     .   Y - scarf {repulsion}
rCorr   +          Rampage  .   r - +0 pair of gloves
Will    +....      NoCast   +   v - +0 pair of boots of Omission {-Cast rPois Str+3 SInv}
Stlth   ..........              I - amulet of regeneration
HPRegen 2.17/turn               N - ring of resist corrosion
MPRegen 0.16/turn               D - ring of protection from fire

@: berserking, repel missiles, very quick
A: horns 2, retaliatory headbutt
}: 2/15 runes: barnacled, gossamer
a: Renounce Religion, Evoke Blink, Berserk, Trog's Hand, Brothers in Arms


You were on level 3 of the Vaults.
You worshipped Trog.
Trog was exalted by your worship.
You visited 7 branches of the dungeon, and saw 36 of its levels.
You visited the Abyss 1 time.
You also visited: Gauntlet.

You collected 3664 gold pieces.
You spent 788 gold pieces at shops.

Inventory:

Hand Weapons
 a - the +8 battleaxe "With Two Names" (weapon) {vorpal, rElec rPois rN+}
   (Trog gifted it to you on level 9 of the Dungeon)

   It inflicts extra damage upon your enemies.
   rElec:     It insulates you from electricity.
   rPois:     It protects you from poison.
   rN:        It protects you from negative energy.
 b - a +4 battleaxe of draining
 w - a +6 battleaxe of flaming
 U - a +3 antimagic executioner's axe
Missiles
 k - 53 poisoned darts (quivered)
 n - 2 curare-tipped darts
 y - 12 throwing nets
Armour
 m - a +1 chain mail of cold resistance
 r - a +0 pair of gloves (worn)
 u - the +7 chain mail "Guepliaw" (worn) {+Blink Regen+ Int+3}
   (You bought it in a shop on level 2 of the Orcish Mines)

   Int:       It affects your intelligence (+3).
   +Blink:    It lets you blink.
   Regen:     It increases your rate of health regeneration.
 v - the +0 pair of boots of Omission (worn) {-Cast rPois Str+3 SInv}
   (You bought it in a shop on level 2 of the Orcish Mines)

   Str:       It affects your strength (+3).
   rPois:     It protects you from poison.
   SInv:      It lets you see invisible.
   -Cast:     It prevents spellcasting.
 Y - a scarf of repulsion (worn)
Jewellery
 j - a ring of flight
 D - a ring of protection from fire (right hand)
 I - an amulet of regeneration (around neck)
 N - a ring of resist corrosion (left hand)
 R - a ring of protection from fire
 W - a ring of ice
Wands
 s - a wand of acid (16)
 t - a wand of polymorph (16)
 F - a wand of paralysis (26)
 G - a wand of digging (8)
 O - a wand of mindburst (1)
 S - a wand of iceblast (10)
Scrolls
 c - 2 scrolls of blinking
 d - a scroll of acquirement
 f - 4 scrolls of holy word
 i - 24 scrolls of teleportation
 l - a scroll of magic mapping
 E - 9 scrolls of identify
 M - 2 scrolls of enchant armour
 P - 3 scrolls of fear
 Q - 5 scrolls of fog
 T - a scroll of summoning
 Z - a scroll of silence
Potions
 g - 10 potions of might
 h - 5 potions of flight
 o - 12 potions of curing
 p - a potion of resistance
 q - 2 potions of berserk rage
 x - a potion of mutation
 z - 2 potions of heal wounds
 B - 4 potions of invisibility
 C - 3 potions of lignification
 H - 5 potions of attraction
 K - 8 potions of ambrosia
 L - 4 potions of haste
 V - 2 potions of cancellation
Miscellaneous
 e - a box of beasts
 A - a phantom mirror
 J - a phial of floods
 X - a condenser vane


   Skills:
 + Level 18.7 Fighting
 * Level 24.1 Axes
 + Level 18.6 Armour
 + Level 17.2 Dodging
 - Level 15.0 Evocations


You had 19 spell levels left.
You didn't know any spells.
Your spell library was empty.

Dungeon Overview and Level Annotations

Branches:
Dungeon (15/15)            Temple (1/1) D:4            Lair (6/6) D:8
 Shoals (4/4) Lair:4       Spider (4/4) Lair:3        Slime (0/5) Lair:6
    Orc (2/2) D:10            Elf (0/3) Orc:2        Vaults (4/5) D:13
  Crypt (0/3) Vaults:2     Depths (0/4) D:15        Gauntlet (visited)

Altars:
Ashenzari
Cheibriados
Dithmenos
Elyvilon
Fedhas
Gozag
Hepliaklqana
Kikubaaqudgha
Makhleb
Nemelex Xobeh
Okawaru
Qazlal
Ru
Sif Muna
Trog
Uskayaw
Vehumet
Wu Jian
Xom
Yredelemnul
Zin
The Shining One
Beogh
Jiyva
Lugonu

Shops:
D:2 *   D:5 *   D:6 =   Orc:2 =*[(   Shoals:1 (   Vaults:1 [   Vaults:3 [
Vaults:4 *

Portals:
Abyss: Lair:6

Annotations:
Vaults:2 3 runed translucent doors, exclusion: 3 doors, HilariousDeathArtist's ghost, adept CeWn


Innate Abilities, Weirdness & Mutations

You have a pair of horns on your head.
You reflexively headbutt those who attack you in melee.


Message History

You slice the orc warlord!!
The orc warlord is moderately wounded.
You hit the orc knight but do no damage.
The orc knight roars a battlecry!
The orc warlord goes into a battle-frenzy!
You slice the orc warlord like a ripe choko!!!
Your headbutt misses the orc warlord.
The orc warlord is severely wounded.
You slash the orc knight!
The orc warlord hits you with a +2 dire flail!!
The orc knight hits you with a +3 great sword!!!
You are too injured to fight recklessly!
You are too injured to fight recklessly!
You hit the orc knight but do no damage.
The orc knight is lightly wounded.
You slash the orc warlord! The orc warlord closely misses you.
Unknown command.
You slash the orc knight!
The orc knight is heavily wounded.
You slash the orc warlord!
The orc knight hits you with a +3 great sword!!
Unknown command.
You barely miss the orc knight.
The orc knight is moderately wounded.
You hit the orc warlord but do no damage.
The orc warlord hits you with a +2 dire flail!!
* * * LOW HITPOINT WARNING * * *
The orc knight hits you but does no damage.
Unknown command.
You slice the orc knight!!
You kill the orc knight!
Trog accepts your kill.
You hit the orc warlord.
The orc warlord hits you with a +2 dire flail!!!
* * * LOW HITPOINT WARNING * * *
Unknown command.
A red film seems to cover your vision as you go berserk!
You feel yourself moving faster!
You feel mighty!
The orc warlord hits you with a +2 dire flail!!
You die...

.............[.#########.........
....)..........#########.........
.................................
.................................
.................................
############'###############'####
#......# #...... #...[..# #......
#...o@.# #...... #....).# #......
#########......# #......
#.......'......# #......
#.......'......# #......
#.......'......# #......
#.......######## #......
#.......# #...... #.......#
#......


You could see an orc warlord (strong).

Vanquished Creatures
  Jorgrun (D:15)
  Frances (D:13)
  Polyphemus (Shoals:2)
  2 tengu reavers (Vaults:2)
  2 sphinxes (Vaults:1)
  Roxanne (Shoals:2)
  A frost giant (Vaults:3)
  6 vault wardens
  Louise (Shoals:3)
  5 emperor scorpions
  An orc warlord (Vaults:4)
  4 ghost moths
  Aizul (Shoals:4)
  2 very ugly things (Vaults:3)
  2 broodmothers (Spider:2)
  7 ironbound thunderhulks
  3 stone giants
  11 ironbound preservers
  Nessos (Lair:4)
  2 deep elf demonologists
  2 spark wasps
  5 entropy weavers
  A bunyip (shapeshifter) (D:12)
  A minotaur (Gauntlet)
  6 dire elephants
  Snorg (D:11)
  4 ettins
  A deep elf death mage (Vaults:2)
  An eidolon (Vaults:2)
  2 crystal guardians (Vaults:2)
  3 merfolk javelineers (Shoals:4)
  4 merfolk impalers (Shoals:4)
  2 great orbs of eyes
  2 deep elf high priests
  An ice dragon (shapeshifter) (D:9)
  A rakshasa (D:15)
  3 yaktaur captains
  11 vault guards
  A jorogumo (Spider:2)
  The ghost of Tinylith the Spear-Bearer, a journeyman DsBe of Trog (Lair:1)
  3 peacekeepers (Vaults:2)
  5 ironbound frosthearts
  4 merfolk avatars
  2 catoblepae
  9 boulder beetles
  13 hydras
  A centaur warrior (D:12)
  2 radroaches
  8 merfolk aquamancers
  2 two-headed ogres
  An alligator snapping turtle (Shoals:3)
  3 death knights
  A dancing weapon (Lair:1)
  12 death yaks
  A satyr (Shoals:2)
  Sonja (D:11)
  3 thrashing horrors (Lair:6)
  7 pharaoh ants
  A sea snake (shapeshifter) (Lair:6)
  17 sea snakes
  12 steelbarb worms
  3 large abominations (Lair:6)
  An orb spider (shapeshifter) (Lair:6)
  An entropy weaver zombie (Vaults:1)
  4 glowing orange brains
  12 orb spiders
  5 wizards
  36 deep trolls
  A deep troll (shapeshifter) (Lair:6)
  10 lindwurms
  5 wolf spider zombies (Spider:4)
  4 spectral wolf spiders (Spider:4)
  6 harpies
  3 necromancers
  5 deep elf pyromancers
  7 ironbound convokers
  An oklob plant (Lair:3)
  3 phantasmal warriors
  24 wolf spiders
  4 orc sorcerers
  A salamander (shapeshifter) (Vaults:3)
  5 orc knights
  15 ugly things
  12 cyclopes
  4 moths of wrath
  A moth of wrath (shapeshifter) (D:14)
  29 elephants
  An elephant (shapeshifter) (Lair:6)
  15 manticores
  7 merfolk sirens
  11 vault sentinels
  A titan simulacrum (Vaults:1)
  3 water nymphs
  A black mamba (shapeshifter) (Lair:6)
  3 gargoyles
  4 torpor snails
  6 black mambas
  8 cane toads
  A smoke demon (Gauntlet)
  2 rime drakes
  An unseen horror (D:12)
  A freezing wraith (D:14)
  9 demonic crawlers
  13 komodo dragons
  24 yaktaurs
  2 polar bears
  An ancient zyme (Lair:6)
  16 meliai
  A queen bee (Gauntlet)
  8 trolls
  24 merfolk
  5 wolf spider simulacra (Spider:4)
  8 wind drakes
  21 tarantellas
  Grinder (D:4)
  7 hornets
  A sphinx simulacrum (Vaults:1)
  Prince Ribbit (D:8)
  4 dream sheep (Shoals:2)
  24 blink frogs
  22 slime creatures
  9 snapping turtles
  32 jumping spiders
  An elf skeleton (Vaults:1)
  A vampire (D:14)
  2 ynoxinuls (Lair:6)
  A shadow (D:11)
  2 spriggans
  3 wraiths
  45 yaks
  24 culicivoras
  6 basilisks
  18 water elementals
  Grum (D:8)
  2 steam dragons
  44 redbacks
  3 wargs
  An acid dragon (D:14)
  11 small abominations (Lair:6)
  18 water moccasins
  5 ice beasts
  16 orc warriors
  3 black bears
  A sky beast (D:8)
  A necrophage (D:8)
  8 ogres
  16 wolves
  8 centaurs
  4 kobold brigands (D:10)
  17 bullfrogs
  2 scorpions
  4 gnoll sergeants
  A wyvern zombie (D:8)
  A wyvern skeleton (D:6)
  10 killer bees
  8 wights (D:9)
  3 howler monkeys (D:8)
  3 electric eels
  4 crimson imps (Gauntlet)
  4 centaur zombies
  12 jellies
  A hound (D:5)
  4 centaur skeletons
  2 gnoll shamans
  13 orc priests
  A bullfrog skeleton (D:5)
  Jessica (D:3)
  2 scorpion zombies (D:5)
  3 iguanas
  15 orc wizards
  Terence (D:3)
  A hound zombie (D:5)
  16 gnolls
  6 adders
  A white imp (D:6)
  An ufetubus (D:5)
  A worm (D:4)
  A dart slug (D:1)
  54 orcs
  3 ball pythons
  7 bats
  15 endoplasms
  4 giant cockroaches
  5 goblins
  11 hobgoblins
  4 quokkas
  3 training dummies (Shoals:1)
  A frilled lizard (D:1)
  4 kobolds
  5 rats
  A bush (D:13)
1217 creatures vanquished.

Vanquished Creatures (collateral kills)
  2 merfolk avatars
  A steelbarb worm (Spider:4)
  A sea snake (Shoals:4)
  A harpy (Shoals:4)
  2 merfolk (Shoals:4)
7 creatures vanquished.

Vanquished Creatures (others)
  An orc warrior (Orc:2)
  13 demonic plants (Gauntlet)
  60 fungi
  97 plants
171 creatures vanquished.

Grand Total: 1395 creatures vanquished

Notes
Turn   | Place    | Note
-------+----------+-------------------------------------------
     0 | D:1      | KamiKatze the Minotaur Berserker began the quest for the
                  | Orb.
     0 | D:1      | Reached XP level 1. HP: 19/19 MP: 0/0
   277 | D:1      | Reached XP level 2. HP: 27/27 MP: 1/1
   301 | D:1      | Reached skill level 4 in Axes
   788 | D:2      | Reached ** piety under Trog
   789 | D:2      | Reached XP level 3. HP: 30/33 MP: 2/2
   818 | D:2      | Found a faded altar of an unknown god.
  1466 | D:2      | Found Duwuseck's General Store.
  1480 | D:2      | Bought a scroll of magic mapping for 38 gold pieces
  1633 | D:3      | Reached XP level 4. HP: 32/40 MP: 3/3
  1700 | D:3      | Noticed Jessica
  1707 | D:3      | Killed Jessica
  1708 | D:3      | Reached skill level 5 in Axes
  1925 | D:3      | Noticed Terence
  1928 | D:3      | Killed Terence
  1929 | D:3      | Reached XP level 5. HP: 38/47 MP: 4/4
  2031 | D:3      | Found a stormy altar of Qazlal.
  2032 | D:3      | Found a snail-covered altar of Cheibriados.
  2298 | D:4      | Noticed an ogre
  2309 | D:4      | Killed an ogre
  2359 | D:4      | Reached XP level 6. HP: 43/55 MP: 5/5
  2387 | D:4      | Noticed Grinder
  2401 | D:4      | Killed Grinder
  2402 | D:4      | Reached skill level 5 in Fighting
  2402 | D:4      | Reached skill level 6 in Axes
  2635 | D:4      | Reached XP level 7. HP: 44/61 MP: 6/6
  2825 | D:4      | Found a staircase to the Ecumenical Temple.
  2845 | Temple   | Entered the Ecumenical Temple
  3048 | D:5      | Entered Level 5 of the Dungeon
  3056 | D:5      | Reached skill level 7 in Axes
  3119 | D:5      | Reached skill level 5 in Armour
  3225 | D:5      | Reached XP level 8. HP: 51/70 MP: 7/7
  3273 | D:5      | Reached skill level 5 in Dodging
  3301 | D:5      | Reached skill level 8 in Axes
  3307 | D:5      | Reached *** piety under Trog
  3363 | D:5      | Found a burning altar of Makhleb.
  3364 | D:5      | Found a hazy altar of Hepliaklqana.
  3364 | D:5      | Found a glowing golden altar of the Shining One.
  3365 | D:5      | Found a basalt altar of Yredelemnul.
  3365 | D:5      | Found a shimmering altar of Xom.
  3371 | D:5      | Found Kisuh's Assorted Antiques.
  3381 | D:5      | Bought a scroll labelled WEMEPLA OSIRASH for 20 gold pieces
  3381 | D:5      | Bought a scroll labelled ZOUTAR ENODU for 20 gold pieces
  3381 | D:5      | Bought a scroll labelled ZOUTAR ENODU for 20 gold pieces
  3381 | D:5      | Bought a scroll labelled YWEILA KIWO for 20 gold pieces
  3381 | D:5      | Bought an encrusted glass ring for 100 gold pieces
  3934 | D:6      | Found Qoavofar's One-of-a-Kind Rings.
  4263 | D:6      | Noticed a manticore
  4276 | D:6      | Killed a manticore
  4277 | D:6      | Reached skill level 9 in Axes
  4625 | D:6      | Reached XP level 9. HP: 68/79 MP: 8/8
  4743 | D:6      | Noticed a gargoyle
  4752 | D:6      | Killed a gargoyle
  4753 | D:6      | Reached skill level 10 in Axes
  4836 | D:7      | Noticed a +0 spear
  4836 | D:7      | Noticed a +0 dagger
  4836 | D:7      | Noticed a +0 spear
  4836 | D:7      | Noticed a +0 short sword
  4836 | D:7      | Noticed a +0 dagger
  4836 | D:7      | Noticed a +0 short sword
  4836 | D:7      | Noticed a +0 falchion
  4836 | D:7      | Noticed a +0 falchion
  4842 | D:7      | Found a hide-covered altar of Uskayaw.
  4943 | D:7      | Found a shadowy altar of Dithmenos.
  5520 | D:8      | Reached skill level 11 in Axes
  5805 | D:8      | Found a staircase to the Lair.
  5844 | D:8      | Noticed Grum
  5851 | D:8      | Reached XP level 10. HP: 76/90 MP: 9/9
  5927 | D:8      | Killed Grum
  6109 | D:8      | Noticed Prince Ribbit
  6118 | D:8      | Killed Prince Ribbit
  6147 | D:8      | Reached **** piety under Trog
  6617 | D:9      | Reached skill level 12 in Axes
  6856 | D:9      | Found a transporter.
  6856 | D:9      | Noticed a gargoyle
  6858 | D:9      | Found a transporter.
  6859 | D:9      | Noticed a black mamba
  6866 | D:9      | a black mamba changed into a troll
  6866 | D:9      | Noticed a boulder beetle
  7009 | D:9      | Noticed a wolf spider
  7023 | D:9      | Reached skill level 1 in Evocations
  7038 | D:9      | Found a sparkling altar of Nemelex Xobeh.
  7319 | D:10     | Entered Level 10 of the Dungeon
  7500 | D:10     | Found Socuaf's Lightly-Used Armoury.
  7513 | D:10     | Noticed a cyclops
  7522 | D:10     | Killed a cyclops
  7524 | D:10     | Reached XP level 11. HP: 99/99 MP: 10/10
  7525 | D:10     | Reached skill level 13 in Axes
  7716 | D:10     | Found a staircase to the Orcish Mines.
  8131 | D:10     | Reached skill level 10 in Fighting
  8594 | Lair:1   | Entered Level 1 of the Lair of Beasts
  8906 | Lair:1   | Noticed a four-headed hydra
  8926 | Lair:1   | Killed a one-headed hydra
  9067 | Lair:1   | Reached skill level 10 in Armour
  9083 | Lair:1   | Reached skill level 14 in Axes
  9683 | Lair:1   | Noticed an eight-headed hydra
  9752 | Lair:1   | Killed a five-headed hydra
 10001 | Lair:1   | Found a runed translucent door.
 10001 | Lair:1   | Found a shimmering altar of Xom.
 10001 | Lair:1   | Noticed Tinylith's ghost (journeyman DsBe)
 10008 | Lair:1   | Noticed a +2 trident of chaos
 10063 | Lair:1   | You fall into a shaft and drop 1 floor!
 10317 | Lair:2   | Reached XP level 12. HP: 59/110 MP: 11/11
 10453 | Lair:1   | Reached ***** piety under Trog
 10682 | Lair:2   | Reached skill level 15 in Axes
 10831 | Lair:2   | Reached skill level 10 in Dodging
 11397 | Lair:3   | Paralysed by a hornet for 3 turns
 11484 | Lair:3   | Noticed a four-headed hydra
 11494 | Lair:3   | Killed a one-headed hydra
 11559 | Lair:3   | Reached skill level 16 in Axes
 11576 | Lair:3   | Noticed a death yak
 11599 | Lair:3   | Killed a death yak
 11689 | Lair:3   | Noticed a death yak
 11700 | Lair:3   | Killed a death yak
 11756 | Lair:3   | Noticed a five-headed hydra
 11756 | Lair:3   | Noticed a four-headed hydra
 12154 | Lair:3   | Found a hole to the Spider Nest.
 12241 | Lair:3   | Killed a one-headed hydra
 12491 | Lair:3   | Reached XP level 13. HP: 100/118 MP: 12/12
 13979 | Lair:4   | Reached skill level 17 in Axes
 14082 | Lair:4   | Noticed Nessos
 14088 | Lair:4   | Found a staircase to the Shoals.
 14488 | Orc:1    | Entered Level 1 of the Orcish Mines
 14517 | Orc:1    | Reached skill level 5 in Evocations
 14786 | Orc:2    | Entered Level 2 of the Orcish Mines
 14788 | Orc:2    | Noticed an ettin
 14806 | Orc:1    | Killed an ettin
 15068 | Orc:2    | Found Naomos's Jewellery Emporium.
 15591 | Orc:2    | Noticed an ettin
 15610 | Orc:2    | Noticed an ettin
 15624 | Orc:2    | Killed an ettin
 15638 | Orc:1    | Reached ****** piety under Trog
 15740 | Orc:2    | Killed an ettin
 15928 | Orc:2    | Found Zadanabi's Antique Weapon Shoppe.
 15961 | Orc:2    | Found a staircase to the Elven Halls.
 16057 | Orc:2    | Received a gift from Trog
 16105 | Orc:2    | Noticed a stone giant
 16177 | Orc:2    | Found Zagoynad's Antique Armour Shoppe.
 16355 | Orc:2    | Found Piluhuri's General Store.
 16386 | Orc:2    | Killed a stone giant
 16496 | Orc:2    | Bought a pair of fine boots for 285 gold pieces
 16496 | Orc:2    | Identified the +0 pair of boots of Omission {-Cast rPois
                  | Str+3 SInv} (You bought it in a shop on level 2 of the
                  | Orcish Mines)
 16668 | D:11     | Noticed Sonja
 16670 | D:11     | Killed Sonja
 16853 | D:11     | Noticed Snorg
 16902 | D:11     | Killed Snorg
 16903 | D:11     | Reached XP level 14. HP: 129/129 MP: 13/13
 17511 | D:12     | Reached skill level 18 in Axes
 18328 | D:12     | Identified the +8 long sword of Righteous Anger {flame,
                  | rElec rF+++ Dex-2 SInv}
 18346 | D:12     | Identified the +10 flail of Conversion {flame, rPois
                  | Stlth+}
 18391 | D:12     | Noticed a quicksilver ooze
 18396 | D:12     | a quicksilver ooze changed into a bunyip
 19075 | D:13     | Found a blossoming altar of Fedhas.
 20559 | D:13     | Found a gate to the Vaults.
 20839 | D:13     | Noticed Frances
 20856 | D:13     | Killed Frances
 21801 | D:14     | Identified the +6 ring mail of Resonance {Rampage rN+ Str+4
                  | Dex-3 SInv}
 21968 | D:15     | Entered Level 15 of the Dungeon
 21990 | D:15     | Cast into level 2 of the Abyss (a wizard)
 21998 | D:15     | Escaped the Abyss
 22471 | D:15     | Noticed Jorgrun
 22493 | D:15     | Killed Jorgrun
 22531 | D:14     | Reached skill level 19 in Axes
 23048 | D:15     | Received a gift from Trog
 23084 | D:15     | Reached XP level 15. HP: 58/138 MP: 14/14
 23592 | D:15     | Found a staircase to the Depths.
 24812 | Lair:4   | Killed Nessos
 25314 | Lair:5   | Found a gate leading to a gauntlet.
 25352 | Gauntlet | Entered a Gauntlet
 25352 | Gauntlet | Found a transporter.
 25352 | Gauntlet | Found a transporter.
 25352 | Gauntlet | Found a transporter.
 25372 | Gauntlet | Found a transporter.
 25391 | Gauntlet | Found a transporter.
 25393 | Gauntlet | Found a transporter.
 25409 | Gauntlet | Found a transporter.
 25468 | Gauntlet | Found a transporter.
 25488 | Gauntlet | Found a transporter.
 25502 | Gauntlet | Found a transporter.
 25506 | Gauntlet | Found a transporter.
 25519 | Gauntlet | Found a transporter.
 25604 | Gauntlet | Identified the +2 pair of gloves of Conscience {rElec Will-
                  | rCorr}
 25675 | Gauntlet | Identified the ring "Yre Boidgho" {Fire Str+6 Int-3 SInv}
 25761 | Gauntlet | Identified the +7 shortbow of Konketta {speed, MP+9 Str-4
                  | Int+4 SInv}
 25821 | Gauntlet | Identified the +8 great sword "Vobublub" {vorpal, Fragile
                  | Will++ SInv Stlth+}
 26070 | Lair:5   | Found a hide-covered altar of Uskayaw.
 26667 | Lair:6   | Entered Level 6 of the Lair of Beasts
 26722 | Lair:5   | Received a gift from Trog
 26937 | Lair:6   | Found a viscous altar of Jiyva.
 26937 | Lair:6   | Found a staircase to the Slime Pits.
 27083 | Lair:6   | Reached skill level 20 in Axes
 27976 | Lair:6   | Reached skill level 15 in Fighting
 28160 | Lair:6   | Found a corrupted altar of Lugonu.
 28160 | Lair:6   | Found a one-way gate to the infinite horrors of the Abyss.
 28511 | D:9      | Identified the +8 battleaxe "With Two Names" {vorpal, rElec
                  | rPois rN+} (Trog gifted it to you on level 9 of the
                  | Dungeon)
 28511 | D:9      | Received a gift from Trog
 28540 | D:9      | Identified the +9 trident "Cecus" {distort, Dex+3}
 28702 | Lair:1   | Killed Tinylith's ghost
 28703 | Lair:1   | Reached XP level 16. HP: 134/149 MP: 15/15
 29144 | Orc:2    | Bought a pitted chain mail for 285 gold pieces
 29144 | Orc:2    | Identified the +7 chain mail "Guepliaw" {+Blink Regen+
                  | Int+3} (You bought it in a shop on level 2 of the Orcish
                  | Mines)
 29340 | Spider:1 | Entered Level 1 of the Spider Nest
 29372 | Spider:1 | Reached skill level 15 in Armour
 29441 | Lair:3   | Reached skill level 10 in Evocations
 30501 | Spider:2 | Received a gift from Trog
 30561 | Spider:2 | Paralysed by a jorogumo for 3 turns
 31183 | Spider:2 | You fall into a shaft and drop 1 floor!
 31441 | Spider:3 | Received a gift from Trog
 31990 | Spider:3 | Reached skill level 21 in Axes
 32871 | Spider:4 | Entered Level 4 of the Spider Nest
 33051 | Spider:4 | Reached XP level 17. HP: 139/158 MP: 16/16
 33081 | Spider:4 | Received a gift from Trog
 33858 | Spider:4 | Reached skill level 15 in Dodging
 34105 | Spider:4 | Received a gift from Trog
 34452 | Spider:4 | Got a gossamer rune of Zot
 34787 | Shoals:1 | Entered Level 1 of the Shoals
 35283 | Shoals:1 | Identified a scroll of acquirement
 35432 | Shoals:1 | Found Odwocif's Firing Range.
 35831 | Shoals:2 | Received a gift from Trog
 35837 | Shoals:2 | Noticed Polyphemus
 35974 | Shoals:2 | Killed Polyphemus
 36225 | Shoals:2 | Noticed Roxanne
 36389 | Shoals:2 | Killed Roxanne
 36803 | Shoals:3 | Noticed Louise
 36813 | Shoals:3 | Killed Louise
 36846 | Shoals:3 | Reached XP level 18. HP: 167/168 MP: 17/17
 37393 | Shoals:4 | Entered Level 4 of the Shoals
 37458 | Shoals:4 | Received a gift from Trog
 37466 | Shoals:4 | Noticed Aizul
 37653 | Shoals:4 | Killed Aizul
 38391 | Shoals:4 | Identified the +1 robe "Sepayt" {Str+5}
 38867 | Shoals:4 | Reached skill level 15 in Evocations
 38867 | Shoals:4 | Received a gift from Trog
 38883 | Shoals:4 | Got a barnacled rune of Zot
 39247 | Vaults:1 | Entered Level 1 of the Vaults
 39317 | Vaults:1 | Found Ziluam's Armour Emporium.
 39339 | Vaults:1 | Reached skill level 22 in Axes
 39879 | Vaults:1 | Received a gift from Trog
 40280 | Vaults:1 | Reached XP level 19. HP: 167/178 MP: 18/18
 41187 | Vaults:2 | Reached skill level 23 in Axes
 41227 | Vaults:2 | Identified the +11 plate armour "Lahetzix" {rC- Str+4
                  | Slay+3}
 41228 | Vaults:2 | Found a runed translucent gate.
 41228 | Vaults:2 | Noticed HilariousDeathArtist's ghost (adept CeWn)
 41229 | Vaults:2 | Found a runed translucent gate.
 41229 | Vaults:2 | Found a runed translucent gate.
 41386 | Vaults:2 | Received a gift from Trog
 41417 | Vaults:2 | HP: 7/173 [peacekeeper (2)]
 41992 | Vaults:2 | Found a staircase to the Crypt.
 42685 | Vaults:3 | Found Iwnilari's Armour Emporium.
 43639 | Vaults:4 | Found Esiop's General Store.
 43745 | Vaults:4 | Reached skill level 24 in Axes
 43829 | Vaults:4 | Received a gift from Trog
 43999 | Vaults:4 | HP: 6/181 [vault guard[a vault warden] (9)]
 44077 | Vaults:3 | Reached XP level 20. HP: 146/189 MP: 19/19
 44111 | Vaults:3 | Slain by an orc warlord

Illustrated notes

Levels and vault maps discovered:
D:1:      psy_arrival_terrarium, layout_basic, amcnicky_mini_corridor_feature
D:2:      layout_basic, serial_shops, shop, shapermc_ecumenical_altar_pompeii
D:3:      layout_loops_ring, gammafunk_temple_overflow_statue, uniq_jessica,
          uniq_terence
D:4:      layout_loops_cross, minmay_temple_entry_drinking_statues, uniq_grinder
D:5:      layout_basic, grunt_temple_overflow_open, serial_shops, shop
D:6:      layout_basic, nicolae_shop_unique_rings
D:7:      layout_rooms, nicolae_uskayaw_en_pointe,
          nicolae_dithmenos_shadow_blocks
D:8:      layout_gridville, lair_entry_dummy, grunt_ministairs_8,
          hangedman_decor_riveting, uniq_grum, uniq_prince_ribbit1
D:9:      layout_long_grid, gammafunk_temple_overflow_arena,
          david_defended_altar_orc
D:10:     layout_irregular_city, kennysheep_orc_monster_closet_entryway,
          minmay_shop_damaged, kennysheep_small_square
D:11:     layout_stronghold, minmay_misc_feat_hallway, uniq_sonja, uniq_snorg
D:12:     kennysheep_scales, layout_gridville
D:13:     layout_cave_pools, erik_vaults_2, fedhas_bush_and_centaur_altar,
          uniq_frances
D:14:     layout_roguey, minmay_stone_trees_small
D:15:     hangedman_depths_entry_civil_slaughter, layout_basic,
          minmay_misc_feat_more_columns, uniq_jorgrun
Temple:   minmay_temple_bridge_abc
Lair:1:   layout_hall_layers, ebering_ghost_xom
Lair:2:   layout_regular_city, beast_lair_carwin_2
Lair:3:   lemuel_slime, layout_layer_cave, nicolae_spider_entry_orb_guardian,
          grunt_forest_large_clearing_hut
Lair:4:   layout_misc_corridors, minmay_shoals_entry_centaurs,
          grunt_megastairs_1, uniq_nessos
Lair:5:   layout_regular_city, basic_altar, gauntlet_entry_generic,
          cheibrodos_lair_caveside_slide, grunt_megastairs_5,
          serial_bayou_shore_b
Lair:6:   hellmonk_lair_end_abyssal_woods, layout_concentric_octagons,
          slime_altar_1
Shoals:1: layout_shoals, nicolae_shop_firing_range
Shoals:2: layout_shoals, nicolae_shoals_hidden_pirate_stash, uniq_polyphemus,
          uniq_roxanne
Shoals:3: layout_shoals, nzn_prometheus_bound, uniq_louise
Shoals:4: shoals_end_simple, layout_shoals, uniq_aizul
Spider:1: layout_spider_delve, nicolae_spider_some_kinda_spiderbox
Spider:2: layout_spider_delve
Spider:3: layout_chambers, hangedman_spider_tarantella_strand
Spider:4: spider_rune_water, nicolae_spider_undead_wolf_pack
Orc:1:    layout_caves, minmay_orc_temple_a
Orc:2:    grunt_orc_gardens, layout_diamond_mine, grunt_orc_garden,
          grunt_orc_garden, grunt_orc_garden, grunt_orc_garden, mines1_david
Vaults:1: vaults_dpeg_diagonal, vaults_standard_mumra_x, v_rooms_6,
          nicolae_vaults_network_periphery, v_misc_23,
          nicolae_vaults_display_case, v_alt_pattern_2,
          vaults_standard_mumra_lines, hangedman_vaults_restitches,
          ontoclasm_vaults_loading_screen, nicolae_vaults_ring_of_whatevers,
          v_alt_pattern_4, layout_vaults_big_cross, serial_shops, shop
Vaults:2: biasface_ghost_orc_armoury, vaults_room_pools,
          minmay_crypt_entry_simple_sparse, ontoclasm_vaults_shuriken, st_eye,
          grunt_vaults_hallway_short, v_misc_17, vaults_room_hallway,
          hangedman_vaults_cutoff, hangedman_vaults_trim, layout_vaults_omnibox
Vaults:3: v_alt_pattern_4, nicolae_vaults_yaktaur_gun_rack,
          grunt_vaults_hallway_short, v_alt_pattern_5,
          nicolae_vaults_circle_grid_a, nicolae_vaults_little_squares_6,
          nicolae_vaults_shelves_hall, st_more_cells,
          nicolae_vaults_little_squares_4, v_misc_8, vaults_dpeg_encased_lava,
          layout_vaults_big_room, serial_shops, shop_statue
Vaults:4: nicolae_vaults_big_ls, v_misc_30, special_room_vaults
          [special_room_orc], nicolae_vaults_shelves_hall,
          layout_vaults_omnigrid, serial_shops, shop

Skill      XL: |  1  2  3  4  5  6  7  8  9 10 11 12 13 14 15 16 17 18 19 |
---------------+----------------------------------------------------------+-----
Axes           | 4 5 6 7 9 11 12 14 16 17 19 20 21 22 24 | 24.1
Fighting       | 4 5 6 7 8 9 11 12 13 14 15 16 17 18 | 18.7
Armour         | 3 4 5 6 8 9 10 12 13 14 15 16 17 18 | 18.6
Dodging        | 3 4 6 7 8 9 11 12 13 14 15 16 17 | 17.2
Evocations     | 3 6 8 9 11 13 15 | 15.0

Action                   |  1- 3 |  4- 6 |  7- 9 | 10-12 | 13-15 | 16-18 | 19-21 || total
-------------------------+-------+-------+-------+-------+-------+-------+-------++-------
Melee: Hand axe          |    78 |    49 |   181 |   417 |    43 |       |       ||   768
       Headbutt          |    17 |     7 |    29 |   111 |   243 |   279 |   117 ||   803
       Punch             |     1 |       |       |     7 |     1 |       |       ||     9
       Battleaxe         |       |       |       |    95 |   976 |  1233 |   424 ||  2728
Throw: Stone             |       |       |    14 |     2 |     1 |       |       ||    17
       Dart              |       |       |       |     4 |    53 |    23 |     2 ||    82
Invok: Berserk           |       |     2 |     3 |     8 |    16 |     2 |     1 ||    32
       Trog's Hand       |       |     1 |     3 |     3 |     9 |     5 |     5 ||    26
       Brothers in Arms  |       |       |       |       |       |     2 |     1 ||     3
 Abil: Evoke Blink       |       |       |       |       |       |     1 |       ||     1
Evoke: Wand              |       |       |       |       |     5 |    11 |       ||    16
  Use: Scroll            |     2 |     3 |     5 |     1 |    18 |     4 |     5 ||    38
       Potion            |       |       |       |     1 |     3 |     3 |     3 ||    10
 Stab: Paralysed         |       |       |       |       |       |     1 |       ||     1
Armor: Animal skin       |    11 |       |       |       |       |       |       ||    11
       Ring mail         |    10 |    14 |    34 |       |       |       |       ||    58
       Chain mail        |       |       |    28 |   175 |    77 |   681 |   192 ||  1153
       Plate armour      |       |       |       |       |   408 |     2 |       ||   410
Dodge: Dodged            |    57 |    29 |   110 |   223 |   445 |   865 |   212 ||  1941
       Repelled          |       |       |       |       |       |     5 |     2 ||     7
